 Dungeon Sprint DCSS version 0.19-a0-1051-gdb7e7f8 (webtiles) character file.

7760 Kidiri the Carver (level 11, -24/102 HPs)
             Began as a Minotaur Monk on Aug 1, 2016.
             Was the Champion of Okawaru.
             Annihilated by a komodo dragon (33 damage)
             ... in the Dungeon (Sprint VII: "The Pits").
             The game lasted 00:10:38 (1655 turns).

Kidiri the Carver (Minotaur Monk)                   Turns: 1655, Time: 00:10:38

Health: -24/102    AC: -1    Str: 16    XL:     11   Next: 1%
Magic:  12/16      EV: 23    Int: 13    God:    Okawaru [******]
Gold:   0          SH:  0    Dex: 16    Spells: 0 memorised, 10 levels left

rFire  . . .     SeeInvis .     x - +2 scimitar (flame)
rCold  . . .     Gourm    .     y - +5 ring mail
rNeg   . . .     Faith    .     (no shield)
rPois  .         Spirit   .     s - +0 hat {Int+3}
rElec  .         Dismiss  .     (no cloak)
rCorr  .         Reflect  .     e - +0 pair of gloves
SustAt .         Harm     .     (no boots)
MR     .....     NoTele   +     (no amulet)
Stlth  +++.......               u - +3 ring of intelligence
                                t - +3 ring of evasion

@: finesse, corroded, not resistant to hostile enchantments, fairly stealthy
A: retaliatory headbutt, horns 2
a: Heroism, Finesse, Renounce Religion


You were in the Dungeon.
You worshipped Okawaru.
Okawaru was exalted by your worship.
You were hungry.

You visited 1 branch

Inventory:

Hand Weapons
 b - a +2 longbow of freezing
 x - a +2 scimitar of flaming (weapon)
Armour
 e - a +0 pair of gloves (worn)
 q - the +0 pair of gloves of the Beginning {rElec rF+ rC+, unknown}
   (Okawaru gifted it to you in the Dungeon)

   It protects you from fire.
   It protects you from cold.
   It insulates you from electricity.
 s - a +0 hat of intelligence (worn)
 y - a +5 ring mail (worn)
Jewellery
 t - a +3 ring of evasion (left hand)
 u - a +3 ring of intelligence (right hand)
Scrolls
 i - a scroll of blinking
 m - 3 scrolls of remove curse
 n - 5 scrolls of amnesia
 o - a scroll of summoning
Potions
 d - 8 potions of curing
 f - 2 potions of haste
 g - 4 potions of magic
 h - 5 potions of berserk rage
 j - 4 potions of heal wounds
 l - 2 potions of invisibility
 v - a potion of resistance
 w - a potion of cure mutation
Comestibles
 a - 40 fruits
 c - 8 bread rations
 k - 7 meat rations
 p - 7 chunks of flesh


   Skills:
 + Level 11.1 Fighting
 * Level 14.6 Long Blades
 + Level 6.0 Bows
 * Level 14.4 Armour
 * Level 13.7 Dodging
 + Level 8.3 Stealth
 + Level 8.8 Invocations


You had 10 spell levels left.
You didn't know any spells.

Dungeon Overview and Level Annotations

Branches:
Dungeon (1/1)

Altars:
Ashenzari
Cheibriados
Dithmenos
Elyvilon
Fedhas
Gozag
Kikubaaqudgha
Makhleb
Nemelex Xobeh
Okawaru
Pakellas
Qazlal
Ru
Sif Muna
Trog
Vehumet
Xom
Yredelemnul
Zin
The Shining One
Beogh
Jiyva
Lugonu


Innate Abilities, Weirdness & Mutations

You reflexively headbutt those who attack you in melee.
You have a pair of horns on your head.


Message History

You hit the komodo dragon but do no damage.
You headbutt the komodo dragon, but do no damage.
The komodo dragon is moderately wounded.
The komodo dragon completely misses you.
You hit the komodo dragon but do no damage.
You headbutt the komodo dragon, but do no damage.
The komodo dragon is moderately wounded.
You barely miss the komodo dragon. Your headbutt misses the komodo dragon.
The komodo dragon is moderately wounded.
You hit the komodo dragon but do no damage.
Your headbutt misses the komodo dragon.
The komodo dragon is moderately wounded.
The komodo dragon misses you.
You slash the komodo dragon! You burn the komodo dragon.
You headbutt the komodo dragon, but do no damage.
The komodo dragon is heavily wounded.
You hit the komodo dragon but do no damage.
The komodo dragon is heavily wounded.
The komodo dragon bites you!!
You die...

#................+
'รท...............+
#......#..#......#
#................#
####+#####''######
#.......##''################
#.......##....##..(...##...###
#.......##...##.)l#..##......##
#...<...##..##..@##..#........#
#.......##..#..(##..c'.........#
#.......##.)'..##..(.###.......#
#.......##.##..#(......###......
############...+.........##.....
###########(...#....####..##....
...#..[.##..#..##..## ..+....
...#..[.##.###..##.+ .# ...
...+..))####.##..#.## #


You could see a komodo dragon.

Vanquished Creatures
  Gastronok (D)
  Josephine (D)
  An unseen horror (D)
  A hill giant (D)
  A cyclops (D)
  A manticore (D)
  An elephant (D)
  A rust devil (D)
  An orange demon (D)
  A demonic crawler (D)
  3 blink frogs (D)
  A shadow (D)
  5 wraiths (D)
  A hippogriff (D)
  A hungry ghost (D)
  A porcupine (D)
  A wolf (D)
  A centaur (D)
  8 wights (D)
  A quasit (D)
  An orc priest (D)
  4 worker ants (D)
  A mummy (D)
  A gnoll (D)
  A white imp (D)
  2 adder zombies (D)
  An orc (D)
  2 ball pythons (D)
  3 hobgoblins (D)
  A bat (D)
  3 giant newts (D)
  A quokka zombie (D)
54 creatures vanquished.

Notes
Turn   | Place    | Note
-------+----------+-------------------------------------------
     0 | D        | Kidiri the Minotaur Monk began the quest for the Orb.
     0 | D        | Reached XP level 1. HP: 19/19 MP: 0/0
    13 | D        | Reached skill level 1 in Armour
    47 | D        | Found a sacrificial altar of Ru.
    47 | D        | Found a basalt altar of Yredelemnul.
    47 | D        | Found a shadowy altar of Dithmenos.
    47 | D        | Found a deep blue altar of Sif Muna.
    47 | D        | Found a burning altar of Makhleb.
    47 | D        | Found a shimmering altar of Xom.
    47 | D        | Found an ancient bone altar of Kikubaaqudgha.
    47 | D        | Found a sparkling altar of Nemelex Xobeh.
    48 | D        | Found a glowing golden altar of the Shining One.
    48 | D        | Found a bloodstained altar of Trog.
    48 | D        | Found a shattered altar of Ashenzari.
    48 | D        | Found a white marble altar of Elyvilon.
    48 | D        | Found a snail-covered altar of Cheibriados.
    48 | D        | Found a blossoming altar of Fedhas.
    48 | D        | Found a radiant altar of Vehumet.
    48 | D        | Found a glowing silver altar of Zin.
    48 | D        | Found a corrupted altar of Lugonu.
    48 | D        | Found a viscous altar of Jiyva.
    48 | D        | Found a roughly hewn altar of Beogh.
    48 | D        | Found an iron altar of Okawaru.
    49 | D        | Found an oddly glowing altar of Pakellas.
    54 | D        | Found a stormy altar of Qazlal.
    54 | D        | Found an opulent altar of Gozag.
    57 | D        | Became a worshipper of Warmaster Okawaru
    57 | D        | Reached * piety under Okawaru
    57 | D        | Reached ** piety under Okawaru
    72 | D        | Noticed a worker ant
    80 | D        | Reached XP level 2. HP: 14/27 MP: 1/1
    85 | D        | Reached skill level 5 in Long Blades
    85 | D        | Reached skill level 1 in Invocations
    85 | D        | Reached XP level 3. HP: 21/34 MP: 2/2
   417 | D        | Reached skill level 5 in Dodging
   809 | D        | Reached skill level 5 in Fighting
   809 | D        | Reached skill level 5 in Armour
   809 | D        | Reached XP level 4. HP: 42/42 MP: 1/4
   813 | D        | Reached XP level 5. HP: 48/48 MP: 1/6
   821 | D        | Reached XP level 6. HP: 57/57 MP: 2/7
   837 | D        | Reached *** piety under Okawaru
   903 | D        | Noticed Gastronok
   930 | D        | Killed Gastronok
   930 | D        | Reached **** piety under Okawaru
   930 | D        | Reached ***** piety under Okawaru
   930 | D        | Received a gift from Okawaru
   930 | D        | Reached ****** piety under Okawaru
   930 | D        | Reached XP level 7. HP: 25/70 MP: 6/10
   930 | D        | Reached XP level 8. HP: 28/78 MP: 6/11
   930 | D        | Reached XP level 9. HP: 30/83 MP: 6/12
   958 | D        | Reached skill level 1 in Bows
  1165 | D        | Noticed a demonic crawler
  1182 | D        | Killed a demonic crawler
  1358 | D        | Noticed an elephant
  1363 | D        | Received a gift from Okawaru
  1381 | D        | Killed an elephant
  1445 | D        | Noticed a manticore
  1447 | D        | Noticed Josephine
  1447 | D        | Noticed an orange demon
  1462 | D        | Killed Josephine
  1462 | D        | Received a gift from Okawaru
  1462 | D        | Reached skill level 10 in Fighting
  1462 | D        | Reached XP level 10. HP: 93/93 MP: 9/14
  1466 | D        | Killed a manticore
  1482 | D        | Killed an orange demon
  1482 | D        | Reached skill level 5 in Bows
  1527 | D        | Noticed a cyclops
  1528 | D        | Noticed a hill giant
  1537 | D        | Killed a cyclops
  1543 | D        | Killed a hill giant
  1580 | D        | Noticed a rust devil
  1603 | D        | Killed a rust devil
  1611 | D        | HP: 1/94 [something (25)]
  1642 | D        | Killed an unseen horror
  1642 | D        | Received a gift from Okawaru
  1642 | D        | Reached XP level 11. HP: 7/102 MP: 11/16
  1643 | D        | Got a pair of slimy gloves {god gift}
  1655 | D        | Annihilated by a komodo dragon

Vault maps used:
D:        pitsprint

Skill      XL: |  1  2  3  4  5  6  7  8  9 10 |
---------------+-------------------------------+-----
Long Blades    | 4 5 6 7 11 13 14 | 14.6
Armour         | 2 3 5 7 11 13 14 | 14.4
Fighting       | 4 5 6 9 10 11 | 11.1
Dodging        | 4 5 6 7 11 12 13 | 13.7
Stealth        | 2 3 4 6 7 8 |  8.3
Invocations    | 1 2 3 6 7 8 |  8.8
Bows           | 4 6 |  6.0

Action                   |  1- 3 |  4- 6 |  7- 9 | 10-12 || total
-------------------------+-------+-------+-------+-------++-------
Melee: Falchion          |    32 |       |       |       ||    32
       Headbutt          |     8 |    18 |    19 |    28 ||    73
       Long sword        |     1 |    69 |    37 |       ||   107
       Punch             |       |     1 |     1 |     2 ||     4
       Scimitar          |       |       |    33 |   100 ||   133
Invok: Heroism           |     2 |     3 |     4 |     2 ||    11
       Finesse           |       |       |     3 |     2 ||     5
  Use: Potion            |     1 |       |       |     5 ||     6
 Stab: Sleeping          |     1 |       |       |     2 ||     3
  Eat: Chunk             |       |       |     2 |       ||     2
Armor: Robe              |     1 |       |       |       ||     1
       Scale mail        |       |    11 |    13 |       ||    24
       Ring mail         |       |       |     5 |     8 ||    13
Dodge: Dodged            |    16 |    29 |    39 |    79 ||   163
